 Dungeon Crawl Stone Soup version 0.26.1-2-gb8aa6d0 (webtiles) character file.

Game seed: 8774416361035674168

150655 GeorgeSoros the Cleaver (level 17, 0/106 HPs)
             Began as a Gnoll Wanderer on Feb 10, 2021.
             Was the Champion of Nemelex Xobeh.
             Slain by a starcursed mass (1 damage)
             ... on level 4 of the Abyss on Feb 11, 2021.
             The game lasted 03:04:23 (37896 turns).

GeorgeSoros the Cleaver (Gnoll Wanderer)           Turns: 37896, Time: 03:04:24

Health: 0/106      AC: 19    Str: 13    XL:     17   Next: 24%
Magic:  22/22      EV: 11    Int: 29    God:    Nemelex Xobeh [******]
Gold:   1567       SH: 17    Dex: 14    Spells: 18/38 levels left

rFire    . . .     SeeInvis +   S - +6 spear (pain)
rCold    . . .     Faith    .   O - +5 kite shield of Indecent Exposure {Will+}
rNeg     . . .     Spirit   .   e - +8 chain mail of the Pit {Str+2 Int+2}
rPois    .         Reflect  .   I - +0 hat {Int+3}
rElec    +         Harm     .   T - scarf {repulsion}
rCorr    .         Rampage  .   D - +0 pair of gloves (curse)
Will     ++...     Rnd*Rage +   d - +0 pair of boots
Stlth    ++........             i - amulet of regeneration
HPRegen  0.00/turn              V - ring of see invisible
MPRegen  0.18/turn              Y - ring of Day {rElec Str-2 Int+6 Slay+2}

@: berserk cooldown, non-regenerating, badly diseased, slowed, repel missiles,
very slow
A: distributed training, fangs 1, horns 1, [berserk 2], [blurry vision 1],
[clumsy 1], [deformed body], [dopey 1], [frail 2], [low mp 3], [inhibited
regeneration], [weak 1], [no potion heal 1], [subdued magic 3], strong nose
}: 1/15 runes: barnacled
a: Renounce Religion, Draw Escape, Draw Destruction, Draw Summoning, Triple
Draw, Deal Four, Stack Five


You were on level 4 of the Abyss.
You worshipped Nemelex Xobeh.
Nemelex Xobeh was exalted by your worship.
You visited 4 branches of the dungeon, and saw 26 of its levels.
You visited the Abyss 1 time.
You also visited: Sewer and Gauntlet.

You collected 2817 gold pieces.
You spent 1250 gold pieces at shops.

Inventory:

Hand Weapons
 h - a +1 vampiric demon blade
 w - a +3 hand axe of electrocution
 S - a +6 spear of pain (weapon)
Missiles
 b - 16 throwing nets
 M - 12 curare-tipped darts (quivered)
Armour
 d - a +0 pair of boots (worn)
 e - the +8 chain mail of the Pit (worn) {Str+2 Int+2}
   (You found it on level 12 of the Dungeon)

   It affects your strength (+2).
   It affects your intelligence (+2).
 D - a cursed +0 pair of gloves (worn)
 G - +1 acid dragon scales
 I - a +0 hat of intelligence (worn)
 J - +0 swamp dragon scales
 O - the +5 kite shield of Indecent Exposure (worn) {Will+}
   (You found it in a Gauntlet)

   It affects your willpower, your defense against some magical effects.
 Q - +0 fire dragon scales
 T - a scarf of repulsion (worn)
Jewellery
 i - an amulet of regeneration (around neck)
 o - a +6 ring of intelligence
 P - an uncursed ring of protection from fire
 V - a ring of see invisible (left hand)
 W - a +4 ring of protection
 X - the ring of Wishful Thinking {rElec rPois Dex+5 Slay-3 SInv}
   (You found it in a Gauntlet)

   [ring of poison resistance]

   It affects your dexterity (+5).
   It affects your accuracy and damage with ranged weapons and melee attacks
   (-3).
   It insulates you from electricity.
   It protects you from poison.
   It lets you see invisible.
 Y - the ring of Day (right hand) {rElec Str-2 Int+6 Slay+2}
   (You found it in a Gauntlet)

   [ring of intelligence]

   It affects your strength (-2).
   It affects your intelligence (+6).
   It affects your accuracy and damage with ranged weapons and melee attacks
   (+2).
   It insulates you from electricity.
Wands
 n - a wand of iceblast (4)
 v - a wand of paralysis (8)
 A - a wand of acid (14)
 L - a wand of enslavement (7)
 U - a wand of flame (43)
 Z - a wand of digging (9)
Scrolls
 a - 5 scrolls of enchant armour
 c - 13 scrolls of teleportation
 m - 13 scrolls of remove curse
 q - 7 scrolls of identify
 r - 5 scrolls of immolation
 u - 4 scrolls of fear
 y - 5 scrolls of fog
 z - 7 scrolls of magic mapping
 B - 6 scrolls of enchant weapon
 H - 2 scrolls of silence
 K - a scroll of summoning
 N - a scroll of amnesia
Potions
 f - a potion of berserk rage
 g - 11 potions of curing
 j - a potion of cancellation
 k - 6 potions of brilliance
 l - 4 potions of magic
 p - 5 potions of haste
 s - 3 potions of mutation
 x - 7 potions of might
 C - 6 potions of flight
 F - a potion of ambrosia
Miscellaneous
 t - a condenser vane
 R - a lightning rod (4/4)


   Skills:
 + Level 12.2 Fighting
 + Level 11.4 Short Blades
 + Level 11.4 Long Blades
 + Level 12.9 Axes
 + Level 11.4 Maces & Flails
 + Level 11.4 Polearms
 + Level 11.4 Staves
 + Level 11.4 Slings
 + Level 11.4 Bows
 + Level 11.4 Crossbows
 + Level 12.2 Throwing
 + Level 11.4 Armour
 + Level 12.2 Dodging
 + Level 11.6 Stealth
 + Level 11.4 Shields
 + Level 11.4 Unarmed Combat
 + Level 11.4 Spellcasting
 + Level 9.7 Conjurations
 + Level 9.7 Hexes
 + Level 9.7 Summonings
 + Level 9.7 Necromancy
 + Level 9.7 Translocations
 + Level 9.7 Transmutations
 + Level 9.7 Fire Magic
 + Level 9.7 Ice Magic
 + Level 9.7 Air Magic
 + Level 9.7 Earth Magic
 + Level 9.7 Poison Magic
 + Level 12.3 Invocations
 + Level 11.4 Evocations


You had 18 spell levels left.
You knew the following spells:

 Your Spells              Type           Power        Failure   Level
a - Sticky Flame          Conj/Fire      38%          8%          4
b - Mephitic Cloud        Conj/Pois/Air  38%          1%          3
c - Fireball              Conj/Fire      19%          24%         5
d - Dazzling Flash        Conj/Hex       76%          1%          3
e - Bolt of Magma         Conj/Fire/Erth 19%          24%         5

Your spell library contained the following spells:

 Spells                   Type           Power        Failure   Level
 Foxfire                  Conj/Fire      100%         1%          1
 Magic Dart               Conj           100%         1%          1
 Blink                    Tloc           N/A          1%          2
 Call Imp                 Summ           38%          1%          2
 Searing Ray              Conj           76%          1%          2
 Slow                     Hex            38%          1%          2
 Conjure Flame            Conj/Fire      38%          1%          3
 Gell's Gravitas          Tloc           19%          1%          3
 Inner Flame              Hex/Fire       38%          1%          3
 Fulminant Prism          Conj/Hex       19%          8%          4
 Iskenderun's Mystic Bla  Conj/Tloc      38%          8%          4
 Passage of Golubria      Tloc           N/A          8%          4
 Iskenderun's Battlesphe  Conj           38%          24%         5
 Summon Forest            Summ/Tloc      19%          24%         5
 Dispersal                Tloc           19%          85%         6
 Iron Shot                Conj/Erth      19%          85%         6
 Malign Gateway           Summ/Tloc      19%          100%        7
 Orb of Destruction       Conj           19%          100%        7
 Spellforged Servitor     Conj/Summ      19%          100%        7


Dungeon Overview and Level Annotations

Branches:
Dungeon (14/15)            Temple (0/1) D:6            Lair (6/6) D:8
 Shoals (4/4) Lair:2       Spider (0/4) Lair:4        Slime (0/5) Lair:6
    Orc (2/2) D:11            Elf (0/3) Orc:2        Vaults (0/5) D:14
  Sewer (visited)         Gauntlet (visited)

Altars:
Ashenzari
Dithmenos
Elyvilon
Gozag
Hepliaklqana
Makhleb
Nemelex Xobeh
Okawaru
Ru
Sif Muna
Trog
Xom
Yredelemnul
Zin
The Shining One
Beogh

Shops:
D:5 }   D:6 !   D:7 =   D:9 [   D:13 ?   Orc:2 !}:[   Shoals:4 (

Annotations:
D:5 1 runed translucent door, ThatDude's ghost, amateur HuHu
D:9 2 runed translucent doors, exclusion: orange crystal statue
D:11 2 transporters, jimeh's ghost, journeyman DsFi
Lair:2 exclusion: oklob plant
Lair:3 exclusion: ice statue
Shoals:3 3 runed translucent doors, Heh's ghost, adept DsGl; Kati's ghost, journeyman MiFi
Shoals:4 popps's ghost, adept GrFi


Innate Abilities, Weirdness & Mutations

Your experience applies equally to all skills.
You have very sharp teeth.
Your uncanny sense of smell can sniff out nearby items.
You have a pair of small horns on your head.
[You often lose your temper in combat.]
[Scrolls take you a little longer to read.]
[You are clumsy. (Dex -2)]
[Armour fits poorly on your strangely shaped body.]
[You are dopey. (Int -2)]
[You are very frail. (-20% HP)]
[Your magical capacity is extremely low. (-30% MP)]
[You do not regenerate when monsters are visible.]
[You are weak. (Str -2)]
[Potions are less effective at restoring your health.]
[Your spells are much easier to cast, but much less powerful.]


Message History

Press: ? - help, Shift-Dir - straight line, f - ancient zyme
Aim: an ancient zyme (lightly damaged)
The wavering orb of destruction hits the ancient zyme!!!
You blow up the ancient zyme!
The starcursed mass barely misses you.
A bone dragon comes into view.
You draw a card...
You have drawn the Tomb.
Walls emerge from the floor!
You block the sixfirhy's attack.
The sixfirhy hits you but does no damage.
You block the sixfirhy's attack. The sixfirhy hits you!
* * * LOW HITPOINT WARNING * * *
The sixfirhy shocks you. You resist.
* * * LOW HITPOINT WARNING * * *
The sixfirhy hits you.
* * * LOW HITPOINT WARNING * * *
The sixfirhy shocks you. You resist.
* * * LOW HITPOINT WARNING * * *
The starcursed mass engulfs you.
You die...
Your body disappears without a glow.

# .#.## ### .#.# ##
## ..# #...## ###
#.# # #....#
###...#3## ##......#
#.....#@°####.
.....# # #.#...#X#.#
.... ...# .
...........#....X...
. .#..##....X#... #
.X... ...
#.......X...#.. . .
.. ###.......######
.. . #.....#... ...
#.......D...X.. .
... ......#. . ..#.


You could see a starcursed mass (slow) and a sixfirhy.

Vanquished Creatures
  A kraken (Shoals:4)
  The ghost of lyrin the Spry, a journeyman MfCj of Fedhas (Orc:2)
  A lorocyproca (Abyss:4)
  An ettin (D:12)
  6 merfolk javelineers
  5 merfolk impalers
  Josephine (Orc:1)
  Harold (D:7)
  6 hydras
  2 ice dragons
  A centaur warrior (D:12)
  An alligator snapping turtle (Shoals:1)
  4 merfolk avatars
  2 satyrs
  A merfolk aquamancer (Shoals:4)
  5 two-headed ogres
  4 orc high priests
  2 death yaks
  A tengu warrior (D:14)
  Sonja (Lair:5)
  A shadow wraith (D:14)
  8 sea snakes
  A wretched star (Abyss:4)
  A swamp dragon (Lair:6)
  3 unseen horrors (D:12)
  2 lindwurms (Lair:6)
  Pikel (D:8)
  3 orc sorcerers
  6 orc knights
  An oklob plant (Lair:1)
  11 harpies
  5 cyclopes
  10 manticores
  4 ugly things
  A glowing shapeshifter (D:9)
  A shining eye (Gauntlet)
  11 fauns
  A wolf spider (D:12)
  4 elephants
  5 black mambas
  8 torpor snails
  A worldbinder (Abyss:4)
  3 merfolk sirens
  8 cane toads
  2 water nymphs
  Maggie (D:8)
  A gargoyle (D:12)
  3 rime drakes
  3 yaktaurs
  An efreet (D:12)
  14 komodo dragons
  5 trolls
  21 merfolk
  A polar bear (Lair:3)
  2 ancient zymes (Abyss:4)
  5 wind drakes
  2 tyrant leeches (Lair:6)
  5 hornets
  Prince Ribbit (D:8)
  3 slime creatures (D:12)
  21 blink frogs
  7 snapping turtles
  2 dream sheep (Shoals:3)
  A large abomination (Abyss:4)
  A small abomination (Abyss:4)
  5 wraiths
  A redback (Lair:4)
  44 yaks
  5 shadows
  A ynoxinul (Abyss:4)
  A vampire (D:13)
  4 fire bats
  5 basilisks
  4 water elementals
  6 wyverns
  3 steam dragons
  3 vampire mosquitoes
  An acid dragon (Shoals:1)
  3 wargs (Orc:1)
  A soldier ant (D:12)
  3 hell hounds (Gauntlet)
  9 water moccasins
  A floating eye (D:14)
  32 orc warriors
  8 ice beasts
  2 sky beasts
  A swamp drake (Lair:6)
  2 black bears
  2 phantoms
  An eye of draining (D:8)
  6 centaurs
  7 ogres
  A necrophage (D:8)
  10 wolves
  4 lemures (D:8)
  28 bullfrogs
  2 gnoll sergeants (D:5)
  A bullfrog (shapeshifter) (D:14)
  3 scorpions
  2 killer bees
  20 wights
  5 howler monkeys
  2 starcursed masses (Abyss:4)
  A bullfrog zombie (D:12)
  12 hounds
  6 centaur skeletons
  22 orc wizards
  5 centaur zombies
  23 orc priests
  Crazy Yiuf (D:2)
  2 bullfrog skeletons
  7 jellies
  A gnoll shaman (D:5)
  17 iguanas
  13 worker ants
  2 killer bee zombies
  A hound skeleton (D:9)
  A worker ant zombie (D:5)
  16 gnolls
  9 adders
  10 river rats
  3 shadow imps (D:9)
  A white imp (Lair:3)
  2 ufetubi (D:9)
  6 oozes
  3 adder skeletons
  3 worms
  A dart slug (D:2)
  12 leopard geckos
  75 orcs
  9 giant cockroaches
  4 goblins
  10 hobgoblins
  14 jackals
  4 quokkas
  15 ball pythons
  7 bats
  6 frilled lizards
  A jackal skeleton (D:6)
  3 kobolds (D:1)
  A leopard gecko skeleton (D:8)
  2 quokka skeletons
  A quokka zombie (D:6)
  28 rats
  A bush (Lair:1)
  4 plants
853 creatures vanquished.

Vanquished Creatures (collateral kills)
  Gastronok (Lair:2)
  An orc warlord (Orc:2)
  A fire dragon (Lair:6)
  2 boulder beetles
  A hydra (Lair:4)
  An ice dragon (Shoals:1)
  A merfolk avatar (Shoals:4)
  2 death yaks (Lair:5)
  A thrashing horror (Abyss:4)
  2 orc high priests (Orc:2)
  A tengu warrior (D:14)
  A goliath frog (D:14)
  A glowing orange brain (Shoals:1)
  2 orc knights (Orc:2)
  An orb spider (Lair:5)
  An ugly thing (D:14)
  2 manticores
  An orc sorcerer (Orc:2)
  A cyclops (D:14)
  8 elephants
  An elephant (shapeshifter) (D:14)
  A smoke demon (Abyss:4)
  A torpor snail (Shoals:1)
  2 black mambas
  A rime drake (Lair:6)
  6 komodo dragons
  A yaktaur (Lair:5)
  A troll (Orc:2)
  An ancient zyme (Abyss:4)
  A tyrant leech (Lair:6)
  A polar bear (Abyss:4)
  A blink frog (Lair:3)
  3 hornets (Lair:6)
  4 merfolk
  A raiju (Lair:5)
  A dream sheep (Shoals:3)
  A slime creature (Shoals:1)
  A water elemental (Shoals:1)
  A wraith (D:14)
  2 large abominations (Abyss:4)
  A wyvern (Lair:5)
  A ynoxinul (Abyss:4)
  A human (Abyss:4)
  A yak (Lair:5)
  3 vampire mosquitoes (D:9)
  A warg (Orc:2)
  A swamp worm (D:14)
  4 orc warriors (Orc:2)
  A swamp drake (Lair:5)
  A black bear (Abyss:4)
  2 ogres (Orc:2)
  A big kobold (D:14)
  10 orc priests (Orc:2)
  An iguana (Lair:6)
  10 orcs (Orc:2)
  7 kobolds (D:14)
110 creatures vanquished.

Vanquished Creatures (others)
  A merfolk impaler (Shoals:4)
  A hell hog (Gauntlet)
  A gargoyle (Gauntlet)
  A merfolk (Shoals:4)
  A fire bat (Abyss:4)
  An orc priest (D:13)
  A bush (D:12)
  25 demonic plants (Gauntlet)
  57 fungi
  A lurking horror (Abyss:4)
  169 plants
  4 tentacles (Shoals:4)
  14 withered plants (Gauntlet)
277 creatures vanquished.

Grand Total: 1240 creatures vanquished

Notes
Turn   | Place    | Note
-------+----------+-------------------------------------------
     0 | D:1      | GeorgeSoros the Gnoll Wanderer began the quest for the Orb.
     0 | D:1      | GeorgeSoros set off with the following items: a +0 dagger,
                  | 3 throwing nets, a scroll of teleportation, a potion of
                  | lignification, a +0 leather armour
     0 | D:1      | Reached XP level 1. HP: 20/20 MP: 1/1
   654 | D:1      | Reached XP level 2. HP: 26/26 MP: 2/2
  1166 | D:2      | Reached XP level 3. HP: 20/31 MP: 3/3
  1389 | D:2      | Found a glowing golden altar of the Shining One.
  1663 | D:2      | Reached skill level 1 in Invocations
  1829 | D:2      | Found a broken altar of Ashenzari.
  1886 | D:2      | Reached skill level 1 in Short Blades
  1886 | D:2      | Reached skill level 1 in Long Blades
  1886 | D:2      | Reached skill level 1 in Maces & Flails
  1886 | D:2      | Reached skill level 1 in Polearms
  1886 | D:2      | Reached skill level 1 in Staves
  1886 | D:2      | Reached skill level 1 in Slings
  1886 | D:2      | Reached skill level 1 in Bows
  1886 | D:2      | Reached skill level 1 in Crossbows
  1886 | D:2      | Reached skill level 1 in Armour
  1886 | D:2      | Reached skill level 1 in Shields
  1886 | D:2      | Reached skill level 1 in Unarmed Combat
  1886 | D:2      | Reached skill level 1 in Spellcasting
  1886 | D:2      | Reached skill level 1 in Evocations
  2007 | D:2      | Found a runed translucent door.
  2008 | D:2      | Noticed Crazy Yiuf
  2038 | D:2      | Killed Crazy Yiuf
  2039 | D:2      | Reached XP level 4. HP: 13/38 MP: 2/5
  2528 | D:2      | Reached skill level 1 in Conjurations
  2528 | D:2      | Reached skill level 1 in Hexes
  2528 | D:2      | Reached skill level 1 in Summonings
  2528 | D:2      | Reached skill level 1 in Necromancy
  2528 | D:2      | Reached skill level 1 in Translocations
  2528 | D:2      | Reached skill level 1 in Transmutations
  2528 | D:2      | Reached skill level 1 in Fire Magic
  2528 | D:2      | Reached skill level 1 in Ice Magic
  2528 | D:2      | Reached skill level 1 in Air Magic
  2528 | D:2      | Reached skill level 1 in Earth Magic
  2528 | D:2      | Reached skill level 1 in Poison Magic
  2955 | D:3      | Found a glowing silver altar of Zin.
  2972 | D:3      | Found an iron altar of Okawaru.
  3036 | D:3      | Found a faded altar of an unknown god.
  3112 | D:3      | Reached XP level 5. HP: 37/43 MP: 6/6
  3260 | D:3      | Found a basalt altar of Yredelemnul.
  3484 | D:3      | Noticed an ogre
  3499 | D:3      | Killed an ogre
  3500 | D:3      | Reached XP level 6. HP: 50/50 MP: 8/8
  3571 | D:3      | Became a worshipper of Nemelex Xobeh the Trickster
  3571 | D:3      | Reached * piety under Nemelex Xobeh
  3616 | D:3      | Found a white marble altar of Elyvilon.
  3907 | D:4      | Received a gift from Nemelex Xobeh
  4194 | D:4      | Found an opulent altar of Gozag.
  4283 | D:4      | Reached skill level 5 in Fighting
  4283 | D:4      | Reached skill level 5 in Throwing
  4283 | D:4      | Reached skill level 5 in Dodging
  4421 | D:4      | Reached ** piety under Nemelex Xobeh
  4832 | D:5      | Entered Level 5 of the Dungeon
  4851 | D:5      | Reached XP level 7. HP: 56/56 MP: 10/10
  4877 | D:5      | Found a runed translucent door.
  4898 | D:5      | Noticed ThatDude's ghost (amateur HuHu)
  5457 | D:5      | Found Viyh's Gadget Shop.
  5778 | D:5      | Reached XP level 8. HP: 58/63 MP: 12/12
  5778 | D:5      | Reached skill level 5 in Short Blades
  5778 | D:5      | Reached skill level 5 in Long Blades
  5778 | D:5      | Reached skill level 5 in Maces & Flails
  5778 | D:5      | Reached skill level 5 in Polearms
  5778 | D:5      | Reached skill level 5 in Staves
  5778 | D:5      | Reached skill level 5 in Slings
  5778 | D:5      | Reached skill level 5 in Bows
  5778 | D:5      | Reached skill level 5 in Crossbows
  5778 | D:5      | Reached skill level 5 in Armour
  5778 | D:5      | Reached skill level 5 in Stealth
  5778 | D:5      | Reached skill level 5 in Shields
  5778 | D:5      | Reached skill level 5 in Unarmed Combat
  5778 | D:5      | Reached skill level 5 in Spellcasting
  5778 | D:5      | Reached skill level 5 in Invocations
  5778 | D:5      | Reached skill level 5 in Evocations
  5778 | D:5      | Reached XP level 9. HP: 67/72 MP: 12/17
  5997 | D:6      | Found a staircase to the Ecumenical Temple.
  6025 | D:6      | Found a shimmering altar of Xom.
  6057 | D:6      | Found a shadowy altar of Dithmenos.
  6158 | D:6      | Received a gift from Nemelex Xobeh
  6189 | D:6      | Found Bifenawa's Distillery.
  6268 | D:6      | Found a glowing drain.
  6286 | Sewer    | Entered a sewer
  7209 | D:6      | Found a shimmering blue altar of Sif Muna.
  7291 | D:6      | Received a gift from Nemelex Xobeh
  7791 | D:7      | Reached *** piety under Nemelex Xobeh
  7841 | D:7      | Got a fading leather armour
  7852 | D:7      | Identified the +2 leather armour of the Furies {rN+ Will+
                  | MP-9 Int+4} (You found it on level 7 of the Dungeon)
  8260 | D:7      | Noticed Harold
  8267 | D:7      | Killed Harold
  8268 | D:7      | Reached XP level 10. HP: 79/79 MP: 18/18
  8288 | D:7      | Received a gift from Nemelex Xobeh
  8320 | D:7      | Found Xouh's Jewellery Boutique.
  8599 | D:8      | Noticed Pikel
  8606 | D:8      | Killed Pikel
  8607 | D:8      | Reached skill level 5 in Conjurations
  8607 | D:8      | Reached skill level 5 in Hexes
  8607 | D:8      | Reached skill level 5 in Summonings
  8607 | D:8      | Reached skill level 5 in Necromancy
  8607 | D:8      | Reached skill level 5 in Translocations
  8607 | D:8      | Reached skill level 5 in Transmutations
  8607 | D:8      | Reached skill level 5 in Fire Magic
  8607 | D:8      | Reached skill level 5 in Ice Magic
  8607 | D:8      | Reached skill level 5 in Air Magic
  8607 | D:8      | Reached skill level 5 in Earth Magic
  8607 | D:8      | Reached skill level 5 in Poison Magic
  8699 | D:8      | Found a burning altar of Makhleb.
  8775 | D:8      | Noticed Prince Ribbit
  8783 | D:8      | Killed Prince Ribbit
  9075 | D:8      | Noticed Maggie
  9081 | D:8      | Killed Maggie
  9256 | D:8      | Received a gift from Nemelex Xobeh
  9415 | D:8      | Found a staircase to the Lair.
  9522 | D:8      | Found a sparkling altar of Nemelex Xobeh.
  9592 | Lair:1   | Entered Level 1 of the Lair of Beasts
  9592 | Lair:1   | Reached **** piety under Nemelex Xobeh
  9652 | Lair:1   | Reached XP level 11. HP: 70/86 MP: 14/20
 10304 | Lair:1   | Noticed an oklob plant
 10559 | Lair:1   | Noticed a boulder beetle
 10564 | Lair:1   | Killed a boulder beetle
 10755 | Lair:1   | Received a gift from Nemelex Xobeh
 11007 | Lair:1   | Killed an oklob plant
 11349 | Lair:2   | Noticed a six-headed hydra
 11358 | Lair:2   | Killed an 11-headed hydra
 11361 | Lair:2   | Noticed Gastronok
 11366 | Lair:2   | Found a sacrificial altar of Ru.
 11367 | Lair:2   | Noticed an oklob plant
 11378 | Lair:2   | Killed Gastronok
 11587 | Lair:2   | Received a gift from Nemelex Xobeh
 11753 | Lair:2   | Found a staircase to the Shoals.
 12077 | Lair:2   | Noticed an eight-headed hydra
 12087 | Lair:2   | Killed a nine-headed hydra
 12088 | Lair:2   | Reached XP level 12. HP: 94/94 MP: 22/22
 12108 | Lair:2   | Received a gift from Nemelex Xobeh
 12230 | Lair:2   | Reached ***** piety under Nemelex Xobeh
 12594 | Lair:3   | Received a gift from Nemelex Xobeh
 12719 | Lair:3   | Identified the -1 hand axe of Golden Valour {drain, Fragile
                  | Will+++ Str+3 Stlth+}
 12726 | Lair:3   | Reached skill level 10 in Axes
 13192 | Lair:3   | Noticed a six-headed hydra
 13208 | Lair:3   | Killed a seven-headed hydra
 13746 | Lair:4   | Received a gift from Nemelex Xobeh
 14039 | Lair:4   | Learned a level 4 spell: Sticky Flame
 14051 | Lair:4   | Noticed an eight-headed hydra
 14070 | Lair:4   | Killed an eight-headed hydra
 14449 | Lair:4   | Found a hole to the Spider Nest.
 14793 | Lair:4   | Received a gift from Nemelex Xobeh
 14871 | Lair:4   | Noticed a four-headed hydra
 14875 | Lair:4   | Killed a four-headed hydra
 14876 | Lair:4   | Reached XP level 13. HP: 101/101 MP: 25/25
 14924 | Lair:4   | Received a gift from Nemelex Xobeh
 15210 | Lair:4   | Received a gift from Nemelex Xobeh
 15741 | Lair:5   | Noticed Sonja
 15744 | Lair:5   | Killed Sonja
 16500 | Lair:5   | Learned a level 3 spell: Mephitic Cloud
 16506 | Lair:5   | Learned a level 5 spell: Fireball
 16647 | Lair:5   | Learned a level 3 spell: Dazzling Flash
 16951 | Lair:5   | Received a gift from Nemelex Xobeh
 17145 | Lair:6   | Entered Level 6 of the Lair of Beasts
 17146 | Lair:6   | Identified the -1 trident "Sudeviff" {vorpal, rF+ Str+4}
 17992 | Lair:6   | Received a gift from Nemelex Xobeh
 18000 | Lair:6   | Noticed a fire dragon
 18008 | Lair:6   | Killed a fire dragon
 18014 | Lair:6   | Reached skill level 10 in Fighting
 18014 | Lair:6   | Reached skill level 10 in Throwing
 18014 | Lair:6   | Reached skill level 10 in Dodging
 18552 | Lair:6   | Found a runed translucent door.
 18553 | Lair:6   | Noticed an ice dragon
 18602 | Lair:6   | Reached XP level 14. HP: 110/110 MP: 27/27
 19371 | Lair:6   | Reached skill level 10 in Invocations
 19761 | Lair:6   | Found a staircase to the Slime Pits.
 20703 | D:9      | Received a gift from Nemelex Xobeh
 20811 | D:9      | Found a runed translucent door.
 20874 | D:9      | Reached ****** piety under Nemelex Xobeh
 20878 | D:9      | Found the +10 tower shield of Ignorance {rN+ Int-4}
 20900 | D:9      | Found a runed translucent door.
 21183 | D:9      | Received a gift from Nemelex Xobeh
 21447 | D:9      | Found Xedacvik's Armour Shop.
 21720 | D:9      | Found a sacrificial altar of Ru.
 22144 | D:10     | Entered Level 10 of the Dungeon
 22187 | D:10     | Received a gift from Nemelex Xobeh
 22636 | D:10     | Received a gift from Nemelex Xobeh
 23284 | D:11     | Found a transporter.
 23288 | D:11     | Noticed jimeh's ghost (journeyman DsFi)
 23303 | D:11     | Received a gift from Nemelex Xobeh
 23328 | D:11     | Found a transporter.
 23810 | D:11     | Found a staircase to the Orcish Mines.
 23987 | D:11     | Received a gift from Nemelex Xobeh
 24262 | Orc:1    | Entered Level 1 of the Orcish Mines
 24361 | Orc:1    | Found a roughly hewn altar of Beogh.
 24394 | Orc:1    | Noticed Josephine
 24407 | Orc:1    | Killed Josephine
 24521 | Orc:1    | Found a roughly hewn altar of Beogh.
 24574 | Orc:1    | Paralysed by an orc sorcerer for 4 turns
 24922 | Orc:2    | Entered Level 2 of the Orcish Mines
 24938 | Orc:2    | Noticed an orc warlord
 24950 | Orc:2    | Killed an orc warlord
 24968 | Orc:2    | Found a runed translucent door.
 24969 | Orc:2    | Noticed lyrin's ghost (journeyman MfCj)
 25001 | Orc:2    | Reached skill level 10 in Stealth
 25342 | Orc:2    | Reached XP level 15. HP: 58/117 MP: 24/28
 26487 | Orc:2    | Received a gift from Nemelex Xobeh
 26687 | Orc:2    | Found a staircase to the Elven Halls.
 26871 | Orc:2    | Found Poquad's Gadget Shoppe.
 26874 | Orc:2    | Found Otunaw's Armour Shoppe.
 26877 | Orc:2    | Found Nadeit's Book Emporium.
 26878 | Orc:2    | Found Qurala's Distillery.
 27113 | Orc:2    | Killed lyrin's ghost
 27125 | Orc:2    | Got a fine troll leather armour
 27136 | Orc:2    | Identified the +4 troll leather armour of Ubbenn {Will-
                  | Regen+ rCorr MP+9 Int+6} (You found it on level 2 of the
                  | Orcish Mines)
 27267 | Orc:2    | Bought 2 potions of heal wounds for 170 gold pieces
 27267 | Orc:2    | Bought a potion of heal wounds for 85 gold pieces
 27269 | Orc:2    | Bought a book of Power for 675 gold pieces
 27413 | D:12     | Received a gift from Nemelex Xobeh
 27437 | D:12     | Found a gate leading to a gauntlet.
 27455 | Gauntlet | Entered a Gauntlet
 27455 | Gauntlet | Found a transporter.
 27496 | Gauntlet | Found a transporter.
 27511 | Gauntlet | Found a transporter.
 27516 | Gauntlet | Found a transporter.
 27531 | Gauntlet | Found a transporter.
 27550 | Gauntlet | Found a transporter.
 27562 | Gauntlet | Found a transporter.
 27570 | Gauntlet | Found a large runed translucent door.
 27571 | Gauntlet | Found a large runed translucent door.
 27572 | Gauntlet | Found a large runed translucent door.
 27572 | Gauntlet | Found a large runed translucent door.
 27573 | Gauntlet | Found a runed translucent gate.
 27574 | Gauntlet | Found a transporter.
 27574 | Gauntlet | Found a runed translucent gate.
 27575 | Gauntlet | Found a runed translucent gate.
 27576 | Gauntlet | Found a large runed translucent door.
 27576 | Gauntlet | Found a large runed translucent door.
 27577 | Gauntlet | Found a large runed translucent door.
 27578 | Gauntlet | Found a large runed translucent door.
 27586 | Gauntlet | Found a transporter.
 27606 | Gauntlet | Found a transporter.
 27624 | Gauntlet | Found a transporter.
 27643 | Gauntlet | Found a transporter.
 27645 | Gauntlet | Found a transporter.
 27695 | Gauntlet | Found a transporter.
 27697 | Gauntlet | Found a transporter.
 27697 | Gauntlet | Found a transporter.
 27748 | Gauntlet | Found a large runed translucent door.
 27748 | Gauntlet | Found a large runed translucent door.
 27791 | Gauntlet | Found a transporter.
 27794 | Gauntlet | Found a large runed translucent door.
 27795 | Gauntlet | Found a transporter.
 27795 | Gauntlet | Found a large runed translucent door.
 27808 | Gauntlet | Found a large runed translucent door.
 27808 | Gauntlet | Found a large runed translucent door.
 27808 | Gauntlet | Found a runed translucent door.
 27808 | Gauntlet | Found a runed translucent door.
 27837 | Gauntlet | Reached skill level 10 in Short Blades
 27837 | Gauntlet | Reached skill level 10 in Long Blades
 27837 | Gauntlet | Reached skill level 10 in Maces & Flails
 27837 | Gauntlet | Reached skill level 10 in Polearms
 27837 | Gauntlet | Reached skill level 10 in Staves
 27837 | Gauntlet | Reached skill level 10 in Slings
 27837 | Gauntlet | Reached skill level 10 in Bows
 27837 | Gauntlet | Reached skill level 10 in Crossbows
 27837 | Gauntlet | Reached skill level 10 in Armour
 27837 | Gauntlet | Reached skill level 10 in Shields
 27837 | Gauntlet | Reached skill level 10 in Unarmed Combat
 27837 | Gauntlet | Reached skill level 10 in Spellcasting
 27837 | Gauntlet | Reached skill level 10 in Evocations
 27848 | Gauntlet | Learned a level 5 spell: Bolt of Magma
 27957 | Gauntlet | Got a scintillating silver ring
 27959 | Gauntlet | Identified the ring "Ublah" {+Inv rPois Int+4 Dex+6 Slay-5
                  | Stlth-} (You found it in a Gauntlet)
 27979 | Gauntlet | Gained mutation: Your body sometimes deteriorates upon
                  | taking damage. [a shining eye]
 27980 | Gauntlet | Gained mutation: You are partially covered in rugged brown
                  | scales. (AC +1, +3% HP) [a shining eye]
 27996 | Gauntlet | Identified the Volume of the Voyage
 28001 | Gauntlet | Got a fine glass ring
 28001 | Gauntlet | Got a transparent brass ring
 28013 | Gauntlet | Identified the ring of Wishful Thinking {rElec rPois Dex+5
                  | Slay-3 SInv} (You found it in a Gauntlet)
 28015 | Gauntlet | Identified the ring of Day {rElec Str-2 Int+6 Slay+2} (You
                  | found it in a Gauntlet)
 28020 | Gauntlet | Got a smoking cloak
 28031 | Gauntlet | Identified the +0 cloak "Buholip" {Int-4 Dex+5} (You found
                  | it in a Gauntlet)
 28042 | Gauntlet | Got a steaming kite shield
 28053 | Gauntlet | Identified the +5 kite shield of Indecent Exposure {Will+}
                  | (You found it in a Gauntlet)
 28061 | Gauntlet | Got a smoking morningstar
 28062 | Gauntlet | Identified the +4 morningstar "Deuq" {venom, *Contam +Inv
                  | Dex-5 Stlth+} (You found it in a Gauntlet)
 28064 | Gauntlet | Gained mutation: [Your spells are a little easier to cast,
                  | but a little less powerful.] [mutagenic glow]
 28066 | Gauntlet | Got a faintly humming ring mail
 28077 | Gauntlet | Identified the +1 ring mail of Ashenzari's Supremacy {rN+
                  | Str+3} (You found it in a Gauntlet)
 28426 | D:12     | Received a gift from Nemelex Xobeh
 28974 | D:12     | Identified the +8 chain mail of the Game of Life {rF- rCorr
                  | Str+8} (You found it on level 12 of the Dungeon)
 28977 | D:12     | Identified the +8 chain mail of the Pit {Str+2 Int+2} (You
                  | found it on level 12 of the Dungeon)
 29378 | D:12     | Received a gift from Nemelex Xobeh
 29486 | D:12     | Paralysed by a hornet for 3 turns
 29972 | D:13     | Found an opulent altar of Gozag.
 30748 | D:13     | Found Jakimebb's Magic Scroll Shop.
 30752 | D:13     | Bought a scroll of enchant armour for 112 gold pieces
 30853 | D:13     | Received a gift from Nemelex Xobeh
 31199 | D:14     | Received a gift from Nemelex Xobeh
 31387 | D:14     | Found a snail-covered altar of Cheibriados.
 31389 | D:14     | Found a hazy altar of Hepliaklqana.
 31389 | D:14     | Found a shimmering altar of Xom.
 31391 | D:14     | Found an iron altar of Okawaru.
 31391 | D:14     | Found a bloodstained altar of Trog.
 31391 | D:14     | Found a basalt altar of Yredelemnul.
 31472 | D:14     | Found a gate to the Vaults.
 31730 | D:14     | Received a gift from Nemelex Xobeh
 31867 | D:14     | Found a shadowy altar of Dithmenos.
 32285 | Shoals:1 | Entered Level 1 of the Shoals
 32321 | Shoals:1 | Reached XP level 16. HP: 13/129 MP: 30/30
 33772 | Shoals:1 | Received a gift from Nemelex Xobeh
 34229 | Shoals:2 | Received a gift from Nemelex Xobeh
 34808 | Shoals:2 | Received a gift from Nemelex Xobeh
 35084 | Shoals:3 | Found a frozen archway.
 35664 | Shoals:3 | Found a runed translucent gate.
 35668 | Shoals:3 | Found a runed translucent gate.
 35675 | Shoals:3 | Found a runed translucent gate.
 35691 | Shoals:3 | Noticed Heh's ghost (adept DsGl)
 35691 | Shoals:3 | Noticed Kati's ghost (journeyman MiFi)
 35755 | Shoals:4 | Entered Level 4 of the Shoals
 35981 | Shoals:4 | Received a gift from Nemelex Xobeh
 36001 | Shoals:4 | Identified the cursed +0 leather armour of Freedom
                  | {Rampage} (You found it on level 4 of the Shoals)
 36633 | Shoals:4 | Found a runed translucent door.
 36641 | Shoals:4 | Noticed popps's ghost (adept GrFi)
 36939 | Shoals:4 | Reached XP level 17. HP: 32/136 MP: 10/32
 36975 | Shoals:4 | Found Duol's Antique Weapon Shop.
 37117 | Shoals:4 | Noticed a kraken
 37145 | Shoals:4 | Killed a kraken
 37152 | Shoals:4 | Got a barnacled rune of Zot
 37490 | Shoals:4 | Bought a runed war axe for 208 gold pieces
 37575 | Shoals:4 | Received a gift from Nemelex Xobeh
 37623 | Shoals:4 | Cast into level 4 of the Abyss (popps's ghost)
 37678 | Abyss:4  | Lost mutation: [Your spells are a little easier to cast,
                  | but a little less powerful.] [potion of mutation]
 37678 | Abyss:4  | Lost mutation: You are partially covered in rugged brown
                  | scales. (AC +1, +3% HP) [potion of mutation]
 37678 | Abyss:4  | Lost mutation: Your body sometimes deteriorates upon taking
                  | damage. [potion of mutation]
 37678 | Abyss:4  | Gained mutation: [Potions are less effective at restoring
                  | your health.] [potion of mutation]
 37678 | Abyss:4  | Gained mutation: You can translocate small distances at
                  | will. [potion of mutation]
 37711 | Abyss:4  | Lost mutation: You can translocate small distances at will.
                  | [potion of mutation]
 37711 | Abyss:4  | Lost mutation: [Potions are less effective at restoring
                  | your health.] [potion of mutation]
 37711 | Abyss:4  | Gained mutation: You have sharp fingernails. [potion of
                  | mutation]
 37726 | Abyss:4  | Noticed a tentacled starspawn
 37770 | Abyss:4  | Received a gift from Nemelex Xobeh
 37816 | Abyss:4  | Lost mutation: You have sharp fingernails. [potion of
                  | mutation]
 37816 | Abyss:4  | Gained mutation: You have a pair of small horns on your
                  | head. [potion of mutation]
 37892 | Abyss:4  | Paralysed by accursed screaming for 1 turns
 37895 | Abyss:4  | Noticed a bone dragon
 37896 | Abyss:4  | HP: 5/106 [sixfirhy (3)]
 37896 | Abyss:4  | HP: 1/106 [sixfirhy (3)]
 37896 | Abyss:4  | Slain by a starcursed mass

Illustrated notes

Levels and vault maps discovered:
D:1:      moated_graveyard_arrival, layout_basic, hangedman_decor_points
D:2:      layout_loops_ring, ashenzari_conservatory_becter, serial_bayou,
          serial_bayou_pond_a, serial_bayou_lagoon_b, serial_bayou_shore_a,
          serial_bayou_shore_b, serial_bayou_lake_a, serial_bayou_pond_e,
          tso_metal_star, uniq_crazy_yiuf_cottage
D:3:      layout_rooms, kennysheep_ying_yang, zin_treasury,
          okawaru_metal_pillars_1_2, chequers_ecumenical_altar_island,
          kennysheep_another_room
D:4:      layout_basic, kennysheep_mini_moat, serial_bayou, serial_bayou_pond_e,
          serial_bayou_lagoon_a, serial_bayou_pond_d, serial_bayou_pond_d
D:5:      layout_cave_pools, serial_gnoll_camp, gnoll_camp_mini_sergeant,
          gnoll_camp_medium_01, gnoll_camp_mini_hut, gnoll_camp_mini_shop,
          ebering_ghost_sewer_d, hex_tiny
D:6:      layout_loops_ring, kennysheep_mini, minmay_temple_entry_trees,
          serial_shops, shop, portal_sewer_entry_e, hangedman_feature_mirror
D:7:      layout_basic, serial_shops, shop, uniq_harold
D:8:      layout_basic, lemuel_crystal_altar, nemelex_xobeh_ov_fountains_minmay,
          david_lair_generic, uniq_pikel, uniq_maggie, uniq_prince_ribbit1
D:9:      layout_grid_maze, nicolae_ru_path_of_blood, serial_shops, shop,
          st_stairs_3, chequers_guarded_unrand_ignorance
D:10:     layout_layer_cave
D:11:     layout_roguey, david_orc_4, gammafunk_ghost_berserking_beasts,
          minmay_lizard_king
D:12:     minmay_the_grid_3x3 [minmay_the_grid_square_x,
          minmay_the_grid_plusring, minmay_the_grid_slots,
          minmay_the_grid_eight, minmay_the_grid_odd_star, minmay_the_grid_x,
          minmay_the_grid_minigrid_small_alt, minmay_the_grid_holed_spiral,
          minmay_the_grid_prize_four_corners], layout_gridville,
          gauntlet_entry_generic, kb_lookout_dungeons_type
D:13:     layout_cave_pools, serial_shops, shop_statue, grunt_gozag_statues
D:14:     layout_irregular_city, lightli_vaults_fourway_checkpoint,
          nicolae_dithmenos_through_a_glass_darkly, doesnt_xom_only_xom
Lair:1:   layout_cave_pods, minmay_lair_oklob_bushes, grunt_megastairs_3
Lair:2:   layout_regular_city, minmay_shoals_entry_centaurs, lemuel_oklob_altar,
          uniq_gastronok
Lair:3:   layout_big_grid, st_stairs_5, ice2_lemuel
Lair:4:   layout_cave_pods, spider_nest_entry_webs, grunt_megastairs_4,
          wad_woods_river_01
Lair:5:   layout_roguey, infiniplex_staircase_pool_2, lemuel_fruit_tree,
          uniq_sonja
Lair:6:   wormcave, layout_concentric_octagons, guppyfry_lair_end_dragon,
          nicolae_slime_entry_slimehenge
Shoals:1: layout_shoals, nicolae_shoals_siren_and_animal_friends
Shoals:2: layout_shoals, yaktaur_hedge
Shoals:3: layout_shoals, portal_ice_cave_entry_pillars_four,
          gammafunk_ghost_cemetery
Shoals:4: shoals_end_hangedman, layout_shoals, ebering_ghost_reflecting_pool,
          serial_shops, nicolae_shop_competitors_out_of_business
Orc:1:    nicolae_orc_accident_2, layout_diamond_mine, basic_altar,
          uniq_josephine
Orc:2:    st_orc_pillars, layout_diamond_mine, ebering_ghost_inner_flame
Abyss:4:  base: D:11, base: D:5, base: Orc:2, hangedman_abyss_sting,
          nicolae_abyss_rune_star_stuff, minivault_19,
          gammafunk_corrupted_shrine, due_evilmike_abyss_rune_seething_liches,
          gammafunk_corrupted_shrine, due_evilmike_abyss_rune_seething_liches,
          evilmike_abyss_exit_12, evilmike_abyss_exit_kraken,
          hangedman_abyss_rune_macabre_mess

Skill      XL: |  1  2  3  4  5  6  7  8  9 10 11 12 13 14 15 16 |
---------------+-------------------------------------------------+-----
Invocations    | 1 2 3 5 6 7 8 9 10 11 12 | 12.3
Short Blades   | 1 2 5 6 7 8 9 10 11 | 11.4
Long Blades    | 1 2 5 6 7 8 9 10 11 | 11.4
Maces & Flails | 1 2 5 6 7 8 9 10 11 | 11.4
Polearms       | 1 2 5 6 7 8 9 10 11 | 11.4
Staves         | 1 2 5 6 7 8 9 10 11 | 11.4
Slings         | 1 2 5 6 7 8 9 10 11 | 11.4
Bows           | 1 2 5 6 7 8 9 10 11 | 11.4
Crossbows      | 1 2 5 6 7 8 9 10 11 | 11.4
Armour         | 1 2 5 6 7 8 9 10 11 | 11.4
Shields        | 1 2 5 6 7 8 9 10 11 | 11.4
Unarmed Combat | 1 2 5 6 7 8 9 10 11 | 11.4
Spellcasting   | 1 2 5 6 7 8 9 10 11 | 11.4
Evocations     | 1 2 5 6 7 8 9 10 11 | 11.4
Conjurations   | 1 2 4 5 6 7 8 9 |  9.7
Hexes          | 1 2 4 5 6 7 8 9 |  9.7
Summonings     | 1 2 4 5 6 7 8 9 |  9.7
Necromancy     | 1 2 4 5 6 7 8 9 |  9.7
Translocations | 1 2 4 5 6 7 8 9 |  9.7
Transmutations | 1 2 4 5 6 7 8 9 |  9.7
Fire Magic     | 1 2 4 5 6 7 8 9 |  9.7
Ice Magic      | 1 2 4 5 6 7 8 9 |  9.7
Air Magic      | 1 2 4 5 6 7 8 9 |  9.7
Earth Magic    | 1 2 4 5 6 7 8 9 |  9.7
Poison Magic   | 1 2 4 5 6 7 8 9 |  9.7
Stealth        | 3 5 6 7 8 9 10 11 | 11.6
Fighting       | 5 7 8 9 10 11 12 | 12.2
Throwing       | 5 7 8 9 10 11 12 | 12.2
Dodging        | 5 7 8 9 10 11 12 | 12.2
Axes           | 7 8 9 10 11 12 | 12.9

Action                   |  1- 3 |  4- 6 |  7- 9 | 10-12 | 13-15 | 16-18 || total
-------------------------+-------+-------+-------+-------+-------+-------++-------
Melee: Dagger            |    98 |   111 |       |       |       |       ||   209
       Bite              |    10 |    15 |    32 |    61 |   183 |    73 ||   374
       Unarmed           |     2 |       |       |       |       |       ||     2
       Hand axe          |       |    82 |   330 |   488 |  1532 |   370 ||  2802
       War axe           |       |    24 |       |       |       |       ||    24
       Punch             |       |       |       |     2 |     9 |       ||    11
       Spear             |       |       |       |       |     1 |   304 ||   305
       Headbutt          |       |       |       |       |       |     3 ||     3
Throw: Dart              |    43 |    21 |       |     7 |     7 |    13 ||    91
       Throwing net      |     2 |       |       |     1 |       |       ||     3
 Cast: Sticky Flame      |       |       |       |     2 |    28 |    57 ||    87
       Dazzling Flash    |       |       |       |       |     2 |     2 ||     4
       Fireball          |       |       |       |       |     2 |       ||     2
       Bolt of Magma     |       |       |       |       |    20 |    14 ||    34
       Mephitic Cloud    |       |       |       |       |     3 |       ||     3
Invok: Draw Destruction  |       |     2 |     3 |    34 |    79 |    26 ||   144
       Draw Summoning    |       |       |     1 |    15 |    25 |    14 ||    55
       Draw Escape       |       |       |       |     4 |     6 |    10 ||    20
Evoke: Wand              |       |       |       |       |    16 |       ||    16
       Lightning rod     |       |       |       |       |     1 |     1 ||     2
  Use: Scroll            |     2 |    12 |     8 |     5 |     9 |     7 ||    43
       Potion            |     1 |       |     1 |     1 |     9 |    10 ||    22
 Stab: Sleeping          |     1 |       |       |     5 |    22 |     1 ||    29
       Held in net/web   |     1 |       |       |       |       |       ||     1
       Distracted        |       |       |       |     3 |     8 |     3 ||    14
       Confused          |       |       |       |       |     5 |       ||     5
       Invisible         |       |       |       |       |     1 |       ||     1
       Petrified         |       |       |       |       |       |     5 ||     5
Armor: Leather armour    |     3 |       |       |       |       |       ||     3
       Chain mail        |    41 |   179 |   140 |    32 |       |   210 ||   602
       Skin              |     2 |       |       |       |       |       ||     2
       Acid dragon scale |       |       |       |    89 |    39 |       ||   128
       Swamp dragon scal |       |       |       |       |   134 |       ||   134
       Fire dragon scale |       |       |       |       |   127 |    41 ||   168
Dodge: Dodged            |    57 |    98 |    75 |   191 |   676 |   301 ||  1398
       Repelled          |       |       |       |       |       |    12 ||    12
Block: Kite shield       |       |       |    82 |   163 |   377 |   613 ||  1235
       Buckler           |       |       |       |       |   245 |       ||   245
